Cogmind - Beta 13 @@@ ROGUE MODE // 2024.07.10 @ 01:59:38 Player: Acklord Result: Destroyed by P-60 Hacker with Shock Rifle Performance ------------- Evolutions (1) 500 Regions Visited (4) 800 Robots Destroyed (40) 200 Value Destroyed (747) 747 Prototype IDs (0) 0 Alien Tech Used (0) 0 Bonus (236) 236 TOTAL SCORE: 2483 Bonus ------- High Alert Combat Kills 36 Entered Garrisons 200 Cogmind --------- Core Integrity 0/400 Matter 300/300 Energy 250/250 System Corruption 2% Temperature Cool (0) Movement Walking (120) Location -9/Garrison Parts ------- > --- POWER (1) -------- Ion Engine > --- PROPULSION (2) --- Aluminum Leg Aluminum Leg > --- UTILITY (3) ------ Small Storage Unit Signal Interpreter High-powered Tractor Beam > --- WEAPON (3) ------- Small Laser > --- INVENTORY (8) ---- Ion Engine Light Ion Engine Aluminum Leg Heat Sink Actuator Array Peak State ------------ > --- POWER ------------ Improved Ion Engine > --- PROPULSION ------- Compact Wheel Compact Wheel > --- UTILITY ---------- Heat Sink Small Storage Unit Large Matter Pod > --- WEAPON ----------- EM Pulse Gun Light EM Pulse Cannon Heavy Assault Rifle > --- INVENTORY -------- Ion Engine Light Ion Engine Light Ion Engine Improved Ion Engine Aluminum Leg Signal Interpreter High-powered Tractor Beam Assault Rifle [Rating: 13] Favorites ----------- Power Ion Engine Engine Ion Engine Propulsion Aluminum Leg Leg Aluminum Leg Wheel Compact Wheel Flight Unit Flight Unit Utility Small Storage Unit Device Heat Sink Storage Small Storage Unit Processor Signal Interpreter Weapon Assault Rifle Energy Gun EM Pulse Gun Energy Cannon Light EM Pulse Cannon Ballistic Gun Assault Rifle Build | -11 -10 -9 -9 -9 ------- Run | Yrd Mat Mat Sto Gar Slots Evolved 2 | . . 2 . . Power . | . . . . . Propulsion . | . . . . . Utility 1 | . . 1 . . Weapon 1 | . . 1 . . Parts Attached 37 | 6 2 13 7 9 Power 4 | 1 . 1 1 1 Engine 4 | 1 . 1 1 1 Core . | . . . . . Reactor . | . . . . . Propulsion 13 | 2 . 6 3 2 Treads . | . . . . . Leg 6 | 2 . 2 . 2 Wheel 3 | . . . 3 . Hover . | . . . . . Flight 4 | . . 4 . . Utility 6 | 1 1 2 . 2 Device 3 | . . 2 . 1 Storage 2 | 1 1 . . . Processor 1 | . . . . 1 Hackware . | . . . . . Protection . | . . . . . Artifact . | . . . . . Weapon 14 | 2 1 4 3 4 Energy Gun 5 | 1 . 3 . 1 Energy Cannon 1 | . . . 1 . Ballistic Gun 8 | 1 1 1 2 3 Ballistic Cannon . | . . . . . Launcher . | . . . . . Special Weapon . | . . . . . Impact Weapon . | . . . . . Slashing Weapon . | . . . . . Piercing Weapon . | . . . . . Special Melee Weapon . | . . . . . Unidentified Prototypes . | . . . . . Parts Lost 14 | . . 1 2 11 Power 1 | . . . . 1 Propulsion 3 | . . . 1 2 Utility 3 | . . 1 . 2 Weapon 7 | . . . 1 6 Highest Loss Streak 9 | . . 1 2 9 To Critical Strikes . | . . . . . Average Slot Usage (%) 86 | . 98 96 87 78 Engine 10 | . 14 11 11 8 Leg 9 | . 28 14 . 6 Wheel 5 | . . . 4 12 Flight 3 | . . 5 9 . Device 9 | . . 10 11 8 Storage 20 | . 26 22 22 16 Processor 1 | . . . . 3 Energy Gun 9 | . 4 13 11 6 Energy Cannon 2 | . . . . 5 Ballistic Gun 14 | . 23 17 17 9 Naked Turns . | . . . . . Heaviest Build 25 | 14 17 22 25 25 Greatest Support 32 | 20 20 20 32 32 Greatest Overweight (x) 6 | 1 . 6 5 1 Average Overweight (x) . | . . . 2 . Largest Inventory Capacity 8 | 8 8 8 8 8 Average Capacity 7 | 6 8 8 8 8 Most Carried 8 | 4 6 8 8 8 Average Carried 5 | 1 5 6 4 6 Final Capacity 8 | 8 8 8 8 8 Final Carried 6 | 4 6 4 6 5 Class Distribution -------------------- 38% | Scavenger-Gunner 30% | Mutant 18% | Scavenger-Mutant 13% | Gunner Dominant Class ---------------- Mutant | -10/Materials Gunner | -9/Materials Scavenger-Gunner | -9/Storage Scavenger-Mutant | -9/Garrison Resources | -11 -10 -9 -9 -9 ----------- Run | Yrd Mat Mat Sto Gar Matter Collected 952 | 184 34 401 170 163 Remotely 10 | . . . . 10 Salvage Created 1160 | . 34 266 431 429 Parts 87 | . 3 20 23 41 Haulers Intercepted . | . . . . . Recyclers Shooed . | . . . . . Parts Field Recycled . | . . . . . Retrieved Matter . | . . . . . Parts Self-Destructed . | . . . . . Prevented . | . . . . . Kills | -11 -10 -9 -9 -9 ------- Run | Yrd Mat Mat Sto Gar Combat Hostiles Destroyed 35 | . 1 8 6 20 Guns 20 | . 1 5 5 9 Cannons 11 | . . . . 11 AOE 4 | . . 3 1 . Classes Destroyed 7 | . 1 5 1 . Builder 1 | . . 1 . . Recycler 3 | . . . 3 . Watcher 1 | . . 1 . . Swarmer 22 | . . 4 2 16 Grunt 9 | . 1 2 2 4 Duelist 1 | . . 1 . . Sentry 3 | . . 1 2 . Best Kill Streak 12 | . 1 4 2 12 Combat Bots Only 12 | . 1 4 2 12 Max Kills in Single Turn 2 | . 1 2 2 1 Gunslinging 1 | . . . 1 . Exploded 2 | . . 2 1 . Melee . | . . . . . Uniques/NPCs Destroyed . | . . . . . Combat | -11 -10 -9 -9 -9 -------- Run | Yrd Mat Mat Sto Gar Hostile Shots Fired 250 | . 8 39 17 186 Missed 75 | . 4 9 5 57 Damage Taken 1644 | . 40 365 143 1096 Core 413 | . 10 92 10 301 Absorbed by Shields . | . . . . . Core Remaining (%) 98 | 100 96 . . . Volleys Fired 97 | . 5 15 14 63 Largest 3 | . 2 3 3 3 Hottest 119 | . 40 100 119 119 Shots Fired 205 | . 10 43 40 112 Gun 179 | . 10 43 38 88 Cannon 26 | . . . 2 24 Launcher . | . . . . . Special . | . . . . . Kinetic 124 | . 10 26 22 66 Thermal 18 | . . . . 18 Explosive . | . . . . . Electromagnetic 63 | . . 17 18 28 Robot Hit Streak 8 | . 2 4 7 8 Robot Miss Streak 8 | . 1 4 2 8 Penetration Max . | . . . . . Secondary Targets 4 | . . 2 1 1 Max Gunslinging Chain 1 | . . 1 1 1 Shots Hit Robots 105 | . 6 21 29 49 Core Hits 53 | . 2 13 14 24 Critical Kills . | . . . . . Critical Parts Destroyed . | . . . . . Critical Strikes 1 | . . . . 1 Corrupt 1 | . . . . 1 Melee Attacks . | . . . . . Impact . | . . . . . Slashing . | . . . . . Piercing . | . . . . . Sneak Attacks . | . . . . . Combat Hostiles . | . . . . . Follow-up Attacks . | . . . . . Damage Inflicted 1639 | . 76 468 407 688 Guns 1039 | . 76 258 332 373 Cannons 333 | . . . 18 315 Explosions 267 | . . 210 57 . Melee . | . . . . . Ramming . | . . . . . Kinetic 657 | . 76 162 150 269 Thermal 343 | . . 210 57 76 Explosive . | . . . . . Electromagnetic 639 | . . 96 200 343 Impact . | . . . . . Slashing . | . . . . . Piercing . | . . . . . Highest Corruption 2 | . . . . 2 Average Corruption 1 | . . . . 1 Corruption Purged . | . . . . . Corruption Blocked . | . . . . . Effects 1 | . . . . 1 Message Errors 1 | . . . . 1 Overload Shots . | . . . . . Overflow Damage 31 | . . . 21 10 Projectiles 10 | . . . . 10 Explosions 21 | . . . 21 . Melee . | . . . . . Knockbacks . | . . . . . Impact . | . . . . . Kinetic . | . . . . . Secondary . | . . . . . Self-Inflicted Damage 57 | . . 57 . . Shots 2 | . . 2 . . Rammed . | . . . . . Targets Rammed . | . . . . . Kicked . | . . . . . Crushed . | . . . . . Highest Temperature 54 | . . 30 51 54 Average Temperature 13 | . . 12 18 11 Received Heat Transfer 159 | . 6 63 48 42 Siege Activations . | . . . . . Robots Corrupted . | . . . . . Combat Hostiles . | . . . . . Parts Fried 2 | . . . . 2 Impact Corruptions . | . . . . . Robots Melted . | . . . . . Combat Hostiles . | . . . . . Parts Melted 1 | . . . . 1 Heat Transferred 432 | . . 250 100 82 Parts Sabotaged . | . . . . . Parts Stolen . | . . . . . Parts Stripped . | . . . . . Power Chain Reactions 3 | . . 2 1 . Alert | -11 -10 -9 -9 -9 ------- Run | Yrd Mat Mat Sto Gar Peak Influence 542 | . 30 257 311 542 Initial 202 | . . 12 108 202 Average 249 | . 12 158 184 445 Maximum Alert Level 2 | . . 1 1 2 Low Security (%) 43 | 100 100 58 62 . Level 1 29 | . . 41 37 28 Level 2 27 | . . . . 71 Level 3 . | . . . . . Level 4 . | . . . . . Level 5 . | . . . . . High Security . | . . . . . Max Security . | . . . . . Squads Dispatched 4 | . 1 . 3 . Investigation . | . . . . . Extermination . | . . . . . Reinforcement 1 | . 1 . . . Assault . | . . . . . Garrison 3 | . . . 3 . Intercept . | . . . . . Searches Triggered . | . . . . . Construction Impeded . | . . . . . Haulers Reinforced . | . . . . . Active Scanning Responses . | . . . . . Cargo Convoy Interrupts . | . . . . . Stealth | -11 -10 -9 -9 -9 --------- Run | Yrd Mat Mat Sto Gar Distress Signals 1 | . . 1 . . Communications Jammed . | . . . . . Distress Signals . | . . . . . Times Spotted 44 | . 5 10 6 23 Peak Tracking Total 6 | . 3 4 1 6 Tactical Retreats 1 | . . . . 1 Traps | -11 -10 -9 -9 -9 ------- Run | Yrd Mat Mat Sto Gar Traps Triggered 1 | . . 1 . . Indirectly . | . . . . . Trap Hack Attempts . | . . . . . Triggered . | . . . . . Disarmed . | . . . . . Reprogrammed . | . . . . . Reused . | . . . . . Traps Extracted . | . . . . . Installed . | . . . . . Triggered . | . . . . . Machines | -11 -10 -9 -9 -9 ---------- Run | Yrd Mat Mat Sto Gar Machines Disabled . | . . . . . Max in Single Turn . | . . . . . Machines Repaired . | . . . . . Machines Dismantled . | . . . . . Machines Sabotaged . | . . . . . Overloaded Fab Kills . | . . . . . Hacking | -11 -10 -9 -9 -9 --------- Run | Yrd Mat Mat Sto Gar Machines Accessed 1 | . . . 1 . Terminals . | . . . . . Fabricators . | . . . . . Repair Stations . | . . . . . Recycling Units . | . . . . . Scanalyzers . | . . . . . Garrison Access 1 | . . . 1 . Total Hacks 1 | . . . 1 . Successful 1 | . . . 1 . Failed . | . . . . . Catastrophic . | . . . . . Database Lockouts . | . . . . . Manual . | . . . . . Terminals . | . . . . . Fabricators . | . . . . . Repair Stations . | . . . . . Recycling Units . | . . . . . Scanalyzers . | . . . . . Garrison Access 1 | . . . 1 . Terminal Hacks . | . . . . . Fabricator Hacks . | . . . . . Repair Station Hacks . | . . . . . Recycling Unit Hacks . | . . . . . Scanalyzer . | . . . . . Garrison Access Hacks 1 | . . . 1 . Unlock Access 1 | . . . 1 . Unauthorized Hacks . | . . . . . Terminals . | . . . . . Fabricators . | . . . . . Repair Stations . | . . . . . Recycling Units . | . . . . . Scanalyzers . | . . . . . Garrison Access . | . . . . . Data Cores Recovered . | . . . . . Used . | . . . . . Hacking Detections . | . . . . . Full Trace Events . | . . . . . Feedback Events . | . . . . . Feedback Blocked . | . . . . . Robot Schematics Acquired . | . . . . . Robots Built . | . . . . . Authchips . | . . . . . Time . | . . . . . Total Robot Build Rating . | . . . . . Part Schematics Acquired . | . . . . . Parts Built . | . . . . . Authchips . | . . . . . Time . | . . . . . Total Part Build Rating . | . . . . . Parts Repaired . | . . . . . Time . | . . . . . Parts Recycled . | . . . . . Recycled Matter . | . . . . . Retrieved Matter . | . . . . . Retrieved Components . | . . . . . Parts Scanalyzed . | . . . . . Part Schematics Acquired . | . . . . . Parts Damaged . | . . . . . Bothacking | -11 -10 -9 -9 -9 ------------ Run | Yrd Mat Mat Sto Gar Used RIF Installer . | . . . . . Robots Hacked . | . . . . . Non-combat . | . . . . . Combat . | . . . . . Robot Hacks Applied . | . . . . . Relay Couplers Released . | . . . . . Fabnet Peak Effective % . | . . . . . Robots Rewired . | . . . . . Allies Hacked . | . . . . . Hacks Repelled . | . . . . . Allies | -11 -10 -9 -9 -9 -------- Run | Yrd Mat Mat Sto Gar Total Allies . | . . . . . Largest Group . | . . . . . Highest-Rated Group . | . . . . . Highest-Rated Ally . | . . . . . Total Orders . | . . . . . Ally Attacks . | . . . . . Total Damage . | . . . . . Kills . | . . . . . Allies Corrupted . | . . . . . Allies Melted . | . . . . . Intel | -11 -10 -9 -9 -9 ------- Run | Yrd Mat Mat Sto Gar Robot Analysis Total . | . . . . . Derelict Logs Recovered . | . . . . . Drone Launches . | . . . . . Drone Recoveries . | . . . . . Exploration | -11 -10 -9 -9 -9 ------------- Run | Yrd Mat Mat Sto Gar Turns Passed 1124 | 78 97 256 267 426 Spaces Moved 521 | 56 61 101 79 224 Core 11 | 9 . 1 . 1 Treads . | . . . . . Legs 275 | 47 61 72 . 95 Wheels 162 | . . . 34 128 Hover . | . . . . . Flight 73 | . . 28 45 . Fastest Speed 50 | 50 120 120 100 100 Average Speed 141 | 112 120 150 259 108 Slowest Speed 440 | 120 120 360 440 120 Overloaded Moves . | . . . . . Propulsion Burnouts . | . . . . . Robots Hopped . | . . . . . Cave-ins Triggered . | . . . . . Exploration Rate (%) 18 | 3 20 15 14 40 Regions Visited 4 Branch Regions 1 Pre-discovered Areas . | . . . . . Known Exits Taken 1 | . . . 1 . Unknown Exits Taken 3 | 1 1 1 . . Scrap Searched . | . . . . . Spaces Dug . | . . . . . Terrain Destroyed 13 | . . 10 3 . Melee . | . . . . . Projectile . | . . . . . AOE 13 | . . 10 3 . Terrain Rammed . | . . . . . Walls Destroyed . | . . . . . Machines Disabled . | . . . . . Actions | -11 -10 -9 -9 -9 --------- Run | Yrd Mat Mat Sto Gar Total 746 | 71 76 176 110 313 Wait 33 | . . 26 1 6 Move 517 | 55 60 100 78 224 Hop . | . . . . . Pick Up 45 | 10 6 13 7 9 Fast Attach . | . . . . . Attach 29 | 6 1 9 4 9 Detach . | . . . . . Swap 8 | . 1 4 3 . Drop 16 | . 3 9 3 1 Fire 97 | . 5 15 14 63 Melee . | . . . . . Ram . | . . . . . Kick . | . . . . . Crush . | . . . . . Escape Stasis . | . . . . . Rewire 1 | . . . . 1 Trap . | . . . . . Miscellaneous . | . . . . . Route ------- -11/Scrapyard -10/Materials -9/Materials -9/Storage -9/Garrison (discovered 1 exit: *Mat) History --------- Turn | Location | Event 2 | -11/Scrapyard | Discovered new exit (range 16) 79 | -11/Scrapyard | Entered Materials 173 | -10/Materials | Discovered new exit (range 4) 176 | -10/Materials | Entered another Materials area 176 | -9/Materials | Evolved 2 slots: Utility x1, Weapon x1 407 | -9/Materials | Discovered new exit (range 7) 432 | -9/Materials | Entered Storage 451 | -9/Storage | Garrison activated, responded to threat 698 | -9/Storage | Identified exit to Garrison 699 | -9/Storage | Entered Garrison 711 | -9/Garrison | Triggered checkpoint 837 | -9/Garrison | Triggered checkpoint 879 | -9/Garrison | Destroyed 12 combat bots 893 | -9/Garrison | Triggered checkpoint 910 | -9/Garrison | Core integrity fell below 50% 946 | -9/Garrison | Core integrity fell below 20% 988 | -9/Garrison | Lost 9 parts (1p2n2u4w) 1081 | -9/Garrison | Discovered new exit (range 10) 1090 | -9/Garrison | Identified exit to Materials 1125 | -9/Garrison | Destroyed by P-60 Hacker with Shock Rifle Last Messages --------------- Acquired Sml. Laser. Com. Wheel destroyed. Flight Unit melted. S-10 Pest destroyed. Acquired 5 matter. Acquired 10 matter. Acquired 4 matter. Acquired 6 matter. Acquired Aluminum Leg. Acquired Heat Sink. Acquired Ion Engine. Acquired Actuator Array. ALERT: Dispatching investigation squad to Materials. EXIT=FOUND EXIT=IDENTIFIED: MATERIALS Attempting to rewire P-60 Hacker. P-60 Hacker cannot be rewired. P-60 Hacker springs to life. M:9RLPATEVTC>8V&OSSJU#2ZUB3KIAJXH#A& 8 Map ----- +----------------------------------------------------+ | | | | | | | | | | | | | | | | | | | | | | | | | | | | | | | ??????????????????????????????????????????? | | ??????????????????????????????????????????? | | ???????????????????###????????????????????? | | ???????????????????# #????????????????????? | | ???????????????????# #????????????????????? | | ????????????????#### ####?????????????????? | | ????????????????#! # # !#?????????????????? | | ????????????????#!!+ +!!#?????????????????? | | ????????????????#### ####?????????????????? | | ?????????????????### ############?????????? | | ?????????????????# p @ #?????????? | | ?????????????????# p < #?????????? | | ?????????????????# p #?????????? | | ???????" ????????# ############?????????? | | ???????""????????# #????????????????????? | | ??????# ???????# #????????????????????? | | ?????? ???????# #????????????????????? | | ??????# ???????# #????????????????????? | | ??????# ???????# #????????????????????? | | ??????# #???????# #????????????????????? | | #####?#*[#???????# #????????????????????? | | !!! ###++#???????# #????????????????????? | | =%#???????# #????????????????????? | | #???????# #????????????????????? | | !!!!### =###?????# #????????????????????? | | #####?#=%* #?????# #????????????????????? | | ??????# #?????# #????????????????????? | | ??????# = #?????# #????????????????????? | | ??????# %###?????# #????????????????????? | | ??????# #???????# #????????????????????? | | ??????# #???????# #????????????????????? | | ####### ####+#### #????????????????????? | | % #????????????????????? | | = #???????????????? | | #???????????????? | +----------------------------------------------------+ Best States ------------- Heat Dissipation 38 Energy Generation 12 Energy Capacity 265 Matter Stores 450 Matter Capacity 450 Sight Range 16 Terrain Scan Density 10 Evasion (%) 55 Item Schematics ----------------- None Robot Schematics ------------------ None Fabricated ------------ Nothing Alien Tech Used ----------------- None Achievements -------------- None Challenges ------------ None Game ------ Seed FireIonicTerrabomb Manual? 0 Play Time 00:19:20 Cumulative 4.6 hours Start 2024.07.10 @ 01:42:36 End 2024.07.10 @ 01:59:38 Sessions 1 Manual Loads 0 Difficulty Rogue Special Mode None Game No. 7 Rogue 7 Adventurer 0 Explorer 0 Win Type - Total 0 Types 0/0/0/0/0/0/0/0/0 Lore% 2 Gallery% 8 Achievement% 7 Wizard Run 0 Options --------- Layout 1 ASCII 0 Keyboard 0 Movement Numpad Keybinds 0 Fullscreen 1 Font 24/Smallcaps Map View 50x35 Zoom Use 0% Tactical HUD 0 Map Filters NONE Filters NONE Steam 1 RUN: ded84a6a-f61d-449f-a63c-724727ab20a2